 Dungeon Crawl Stone Soup version 0.22.1-6-g1668fe2c40 (webtiles) character file.

1969 MarcusOwl the Cleaver (level 9, -1/115 HPs)
             Began as a Hill Orc Fighter on Jan 20, 2019.
             Was a Believer of Beogh.
             Slain by a killer bee (3 damage)
             ... on level 7 of the Dungeon.
             The game lasted 00:20:06 (5026 turns).

MarcusOwl the Cleaver (Hill Orc Fighter)            Turns: 5026, Time: 00:20:06

Health: -1/115     AC: 24    Str: 27    XL:     9   Next: 20%
Magic:  9/9        EV:  2    Int:  8    God:    Beogh [**....]
Gold:   402        SH: 11    Dex: 13    Spells: 8/8 levels left

rFire    . . .     SeeInvis .   a - +0 war axe
rCold    . . .     Gourm    .   q - +0 shield
rNeg     + + +     Faith    .   (armour currently unavailable)
rPois    +         Spirit   .   (helmet currently unavailable)
rElec    .         Reflect  .   (cloak currently unavailable)
rCorr    .         Harm     .   (gloves currently unavailable)
MR       .....     NoTele   +   (boots currently unavailable)
Stlth    +.........             (no amulet)
HPRegen  0.29/turn              s - +3 ring of dexterity
MPRegen  0.11/turn              y - +2 ring of slaying

@: mighty, lethally poisoned (-1 -> -2), tree-form
A: no striking features
a: Smiting, Renounce Religion


You were on level 7 of the Dungeon.
You worshipped Beogh.
Beogh was pleased with you.
You were hungry.
You were a tree.
You visited 1 branch of the dungeon, and saw 7 of its levels.

You collected 402 gold pieces.

Inventory:

Hand Weapons
 a - a +0 war axe (weapon)
Armour
 b - a +0 scale mail
 c - a +0 shield
 h - a +2 scale mail of magic resistance (melded)
 q - a +0 shield (worn)
 r - a +2 leather armour of fire resistance
Jewellery
 s - a +3 ring of dexterity (left branch)
 y - a +2 ring of slaying (right branch)
Wands
 D - a wand of flame (19)
 F - a wand of acid (8)
Scrolls
 e - 2 scrolls of identify
 g - 2 scrolls of magic mapping
 i - 8 scrolls of teleportation
 j - 2 scrolls of amnesia
 k - 4 scrolls of remove curse
 n - 2 scrolls of fear
 t - a scroll of enchant armour {unknown}
 u - a scroll of immolation {unknown}
 v - a scroll of noise {unknown}
 C - a scroll of fog {unknown}
 G - a scroll of holy word {unknown}
Potions
 d - a potion of might
 l - 3 potions of cancellation
 m - a potion of flight
 o - 2 potions of curing {unknown}
 w - a potion of invisibility {unknown}
 x - a potion of degeneration {unknown}
 B - a potion of agility {unknown}
 E - a potion of magic {unknown}
Comestibles
 f - 6 rations
 H - 2 chunks of flesh


   Skills:
 + Level 6.3 Fighting
 + Level 10.4 Axes
 + Level 6.3 Armour
 + Level 2.2 Dodging
 + Level 6.1 Shields
 + Level 1.2 Invocations


You had 8 spell levels left.
You didn't know any spells.
Your spell library was empty.

Dungeon Overview and Level Annotations

Branches:
Dungeon (7/15)             Temple (0/1) D:6

Altars:
Okawaru
Qazlal
Xom
Zin


Message History

* * * LOW HITPOINT WARNING * * *
You block the killer bee's attack.
You closely miss the killer bee.
You feel sick. You block the killer bee's attack.
The killer bee stings you but does no damage.
You miss the killer bee.
You feel sick. The killer bee stings you.
* * * LOW HITPOINT WARNING * * *
You block the killer bee's attack.
You miss the killer bee.
The killer bee stings you but does no damage. x2
You hit the killer bee.
The killer bee is moderately wounded.
* * * LOW HITPOINT WARNING * * *
You feel sick.
The killer bee stings you but does no damage.
You block the killer bee's attack.
You barely miss the killer bee.
The killer bee is moderately wounded.
The killer bee stings you.
You die...

#.# ... #.# ###.. #.#
....# #.# ##.##.#
#####.###..##.#
#.##...##.# #.#
..##.#....###.#####.#
..............yy♣...#
#.....#..####.#######
#.)...#...###.######
...................#
...................#
...................#
.##................#
. #.#..............#
#..p#..............#


You could see 2 killer bees.

Vanquished Creatures
  Pikel (D:7)
  The ghost of Tinylith the Firebug, a novice DrFE (D:4)
  3 ice beasts
  4 killer bees (D:7)
  A scorpion (D:7)
  A jelly (D:5)
  A centaur zombie (D:4)
  3 crimson imps
  3 hounds
  An orc priest (D:6)
  An iguana (D:5)
  2 orc wizards (D:6)
  2 worker ants
  A hound skeleton (D:4)
  2 worker ant zombies
  Robin (D:4)
  A gnoll (D:3)
  14 adders
  3 adder skeletons
  4 worms
  2 dart slugs
  2 leopard geckos
  15 orcs
  4 ball pythons
  5 bats
  3 giant cockroaches
  7 goblins
  10 hobgoblins
  8 jackals
  8 kobolds
  6 quokkas
  7 frilled lizards
  A quokka zombie (D:6)
  11 rats
139 creatures vanquished.

Vanquished Creatures (others)
  3 orcs (D:3)
  A jackal (D:3)
  A kobold (D:3)
5 creatures vanquished.

Grand Total: 144 creatures vanquished

Notes
Turn   | Place    | Note
-------+----------+-------------------------------------------
     0 | D:1      | MarcusOwl the Hill Orc Fighter began the quest for the Orb.
     0 | D:1      | Reached XP level 1. HP: 19/19 MP: 1/1
   184 | D:1      | Reached XP level 2. HP: 27/27 MP: 2/2
   652 | D:2      | Reached skill level 3 in Axes
   664 | D:2      | Reached XP level 3. HP: 24/33 MP: 3/3
  1087 | D:2      | Found a transporter.
  1090 | D:2      | Found a stormy altar of Qazlal.
  1105 | D:2      | Reached XP level 4. HP: 33/40 MP: 4/4
  1131 | D:2      | Found a transporter.
  1316 | D:2      | Noticed an angel
  1317 | D:2      | Found a glowing silver altar of Zin.
  1317 | D:2      | Found a shimmering altar of Xom.
  1692 | D:2      | Reached skill level 4 in Axes
  1692 | D:2      | Reached XP level 5. HP: 46/47 MP: 5/5
  1962 | D:3      | Became a worshipper of Beogh the Brigand
  2470 | D:3      | Reached skill level 5 in Axes
  2470 | D:3      | Reached XP level 6. HP: 40/53 MP: 6/6
  2638 | D:4      | Reached * piety under Beogh
  2769 | D:4      | Reached skill level 1 in Dodging
  2918 | D:4      | Noticed Robin
  2925 | D:4      | Killed Robin
  3086 | D:4      | Found an iron altar of Okawaru.
  3152 | D:4      | Found a runed gate.
  3152 | D:4      | Found a runed gate.
  3152 | D:4      | Found a runed gate.
  3152 | D:4      | Noticed Tinylith's ghost (novice DrFE)
  3390 | D:4      | Killed Tinylith's ghost
  3390 | D:4      | Reached skill level 5 in Fighting
  3390 | D:4      | Reached skill level 7 in Axes
  3390 | D:4      | Reached skill level 5 in Shields
  3390 | D:4      | Reached XP level 7. HP: 12/61 MP: 7/7
  3730 | D:5      | Entered Level 5 of the Dungeon
  3784 | D:5      | Reached skill level 5 in Armour
  4006 | D:5      | Reached XP level 8. HP: 68/68 MP: 8/8
  4204 | D:5      | Reached skill level 8 in Axes
  4566 | D:6      | Found a staircase to the Ecumenical Temple.
  4709 | D:6      | Reached skill level 9 in Axes
  4765 | D:6      | Reached ** piety under Beogh
  4960 | D:7      | Noticed Pikel
  4971 | D:7      | Killed Pikel
  4971 | D:7      | Reached skill level 10 in Axes
  4971 | D:7      | Reached skill level 1 in Invocations
  4971 | D:7      | Reached XP level 9. HP: 33/75 MP: 5/9
  5021 | D:7      | HP: 5/115 [killer bee (1)]
  5023 | D:7      | HP: 2/115 [killer bee (2)]
  5026 | D:7      | Slain by a killer bee

Skill      XL: |  1  2  3  4  5  6  7  8 |
---------------+-------------------------+-----
Fighting       | 4 5 6 |  6.3
Axes           | 3 4 5 7 10 | 10.4
Shields        | 4 5 6 |  6.1
Armour         | 4 5 6 |  6.3
Dodging        | 1 2 |  2.2
Invocations    | 1 |  1.2

Action                   |  1- 3 |  4- 6 |  7- 9 || total
-------------------------+-------+-------+-------++-------
Melee: War axe           |    97 |   226 |   166 ||   489
Invok: Convert to Beogh  |       |     1 |       ||     1
       Smiting           |       |       |     2 ||     2
  Use: Scroll            |       |     6 |     4 ||    10
       Potion            |       |     2 |     4 ||     6
  Eat: Chunk             |     1 |     7 |     2 ||    10
       Ration            |       |       |     1 ||     1
Armor: Scale mail        |    74 |   110 |    57 ||   241
       Skin              |       |       |     6 ||     6
Dodge: Dodged            |    40 |    85 |    58 ||   183
Block: Shield            |    71 |   151 |    81 ||   303
